 Dungeon Crawl Stone Soup version 0.30-b1-2-g02819fbbbe (webtiles) character file.

Game seed: 14186491999518928503

5 Alarkh the Sneak (level 1, -7/18 HPs)
             Began as a Demonspawn Delver on May 22, 2023.
             Mangled by an iguana (9 damage)
             ... on level 5 of the Dungeon.
             The game lasted 00:01:06 (219 turns).

Alarkh the Sneak (Demonspawn Delver)                 Turns: 219, Time: 00:01:06

Health: -7/18      AC:  3    Str: 12    XL:     1   Next: 66%
Magic:  1/1        EV: 11    Int: 11    God:
Gold:   12         SH:  0    Dex: 14    Spells: 0/0 levels left

rFire   . .          .
                       - Unarmed
rCold   . . .        (no shield)
rNeg    . . .        a - +0 leather armour
rPois   .            (no helmet)
rElec   .            (no cloak)
rCorr   .            (no gloves)
SInv    .            (no boots)
Will    .....        (no amulet)
Stlth   ++           (no ring)
HPRegen 0.23/turn    (no ring)
MPRegen 0.07/turn

%: no passive effects
@: no status effects
A: no striking features
a: no special abilities


You were on level 5 of the Dungeon.
You visited 1 branch of the dungeon, and saw 1 of its levels.

You collected 12 gold pieces.

Inventory:

Armour
 a - a +0 leather armour (worn)
Wands
 f - a wand of digging (1)
Scrolls
 b - a scroll of fog
 c - a scroll of magic mapping


   Skills:
 - Level 3.0 Fighting
 - Level 1.7 Dodging
 - Level 4.5 Stealth
 + Level 2.2 Unarmed Combat


You couldn't memorise any spells.
You didn't know any spells.
Your spell library was empty.

Dungeon Overview and Level Annotations

Branches:
Dungeon (5/15)
 Temple: D:4-7

Altars:


Message History

You feel aware of your surroundings.
Aiming: Dig
Press: ? - help, Shift-Dir - straight line You can't see that place.
The rock shatters into small pieces.
Aiming: Dig
Press: ? - help, Shift-Dir - straight line A rock wall.
The rock shatters into small pieces.
A phantom comes into view.
An orc wizard and an orc come into view.
The orc wizard is wielding a +0 dagger and wearing a +1 robe of willpower.
Found 13 gold pieces.
Found a stone staircase leading up.
The orc wizard shouts!
An orc comes into view. It is wielding a +0 mace.
An orc comes into view. It is wielding a +0 trident.
Okay, then.
Okay, then.
The phantom hits you.
The phantom blinks!
You blink.
As you read the scroll of fear, it crumbles to dust.
You assume a fearsome visage.
The orc wizard looks frightened!
The orc looks frightened! x3; The phantom is unaffected.
The orc wizard mumbles some strange words.
The orc wizard flickers and vanishes!
Deactivating autopickup; reactivate with Ctrl-A.
The phantom hits you but does no damage.
You hear a shout!
An orc comes into view. It is wielding a +0 mace.
The orc shouts!
The phantom barely misses you. The iguana attacks as you move away!
The iguana bites you!
Ouch! That really hurt!
* * * LOW HITPOINT WARNING * * *
The phantom closely misses you. The orc hits you with a +0 mace.
* * * LOW HITPOINT WARNING * * *
There is a stone staircase leading up here.
The orc hits you but does no damage. The iguana bites you!
Ouch! That really hurt!
You die...

**,,,,,,,,,,,,*** ***,,,
***********#.* **,* *o#* *,*
*..# **** *,* *#.## *,,* **,*
#..# *,,** *,,* #..# *,,,** *,,*
#.$## *,,,,* *,,* ##.@.##
*,,,,***,,* ############
#.ol..## **,,,,*,,,*
...........###...W..# **,,,*,,**
#####.....###....##.#* *,,,,,,*
#.........#....##*..#* **,,,,,*
*#.........#....# **..#* **,,,,*
#..............## ***.o#****,,,*
#.............##***,,...,***,,,*
#.............#**,,,,****,,,,,,*


You could see a phantom, an iguana and 3 orcs.

Vanquished Creatures
  An ufetubus (D:5)
1 creature vanquished.

Notes
Turn   | Place    | Note
-------+----------+-------------------------------------------
     0 | D:5      | Alarkh the Demonspawn Delver began the quest for the Orb.
     0 | D:5      | Reached XP level 1. HP: 18/18 MP: 1/1
     4 | D:5      | Noticed a water moccasin
    69 | D:5      | Noticed an iguana
   209 | D:5      | Noticed a phantom
   210 | D:5      | Noticed an orc wizard
   219 | D:5      | Mangled by an iguana

Illustrated notes

Levels and vault maps discovered:
D:5:      layout_cave_pods

Skill      XL: |  1 |
---------------+----+-----
Unarmed Combat | 2 |  2.2
Fighting       | |  3.0
Dodging        | |  1.7
Stealth        | |  4.5

Action                     || total
---------------------------++-------
  Melee: Unarmed           ||     9
         Punch             ||     1
  Evoke: Wand              ||     2
    Use: Scroll            ||     2
         Potion            ||     1
 Armour: Leather armour    ||     7
  Dodge: Dodged            ||    10
